[ AOE2 MATCH · #478564887 ]
Team RMKhmer vs Dravidians
[ REPLAY ANALYSIS · EXTRACTED FROM THE RECORDED GAME ]
Feudal
12:42
Castle
19:13
Imperial
33:53
| APM avg | 37.0 |
| APM peak | 89 |
| eAPM avg | 24.3 |
| Villagers / military | 144 / 741 |
Focus
⚔️ 31.7% · 🌾 68.3%
Battle Elephant ×487 · Skirmisher ×249 · Trade Cart ×17 · Monk ×3 · Scout Cavalry ×1 · Cavalry Archer ×1
Feudal
11:27
Castle
15:30
Imperial
29:20
| APM avg | 27.6 |
| APM peak | 54 |
| eAPM avg | 15.9 |
| Villagers / military | 120 / 137 |
Focus
⚔️ 33.5% · 🌾 66.5%
Elephant Archer ×85 · Armored Elephant ×25 · Trade Cart ×16 · Bombard Cannon ×15 · Mangonel ×10 · Monk ×2
Feudal
10:38
Castle
18:31
Imperial
35:44
| APM avg | 32.5 |
| APM peak | 80 |
| eAPM avg | 19.7 |
| Villagers / military | 187 / 1051 |
Focus
⚔️ 50.5% · 🌾 49.5%
Spearman ×689 · Boyar ×279 · Militia ×50 · Trade Cart ×33 · Mangonel ×14 · Battering Ram ×14
Feudal
12:03
Castle
17:52
Imperial
33:49
| APM avg | 20.2 |
| APM peak | 73 |
| eAPM avg | 13.7 |
| Villagers / military | 90 / 371 |
Focus
⚔️ 59.5% · 🌾 40.5%
Longbowman ×290 · Skirmisher ×50 · Spearman ×25 · Trade Cart ×15 · Trebuchet (Packed) ×6
Feudal
10:38
Castle
20:27
Imperial
32:49
| APM avg | 18.9 |
| APM peak | 37 |
| eAPM avg | 13.4 |
| Villagers / military | 107 / 733 |
Focus
⚔️ 41.1% · 🌾 58.9%
Knight ×448 · Militia ×149 · Spearman ×136 · Trade Cart ×39
Feudal
14:03
Castle
20:53
Imperial
37:04
| APM avg | 36.5 |
| APM peak | 73 |
| eAPM avg | 22.2 |
| Villagers / military | 193 / 611 |
Focus
⚔️ 33.5% · 🌾 66.5%
Scout Cavalry ×426 · Camel Scout ×104 · Bombard Cannon ×68 · Trade Cart ×37 · Mangonel ×9 · Monk ×4
Match map
Initial resources + every placement click. Lines = walls · curves = elevation contours. ◆ gold · ⬟ stone · ● berries · ✦ relic · ◌ wall gap
Your base· ✓ Closed at 19:13 · 23t walls · no gate
Bubusauger's base· Open — opponent sealed themselves in
TorukMakto's base· ✓ Closed at 18:31 · 0t walls · no gate
kova32ajsk's base· Open — opponent sealed themselves in
CamoTheWolf's base· Open — opponent sealed themselves in
DeathKnight's base· ✓ Closed at 20:53 · 73t walls · no gate
Smoothed initial terrain · ◌ = detected wall gap · hover for details
Inputs per minute
— DeathNote - - Bubusauger
Build order — DeathNote
First 150 of 583 actions detected
| 0:03 | Build | House |
| 0:05 | Build | House |
| 0:05 | Create | Villager (Male) |
| 0:06 | Create | Villager (Male) |
| 0:38 | Create | Villager (Male) |
| 0:39 | Create | Villager (Male) |
| 2:07 | Create | Villager (Male) |
| 2:07 | Create | Villager (Male) |
| 2:08 | Create | Villager (Male) |
| 2:26 | Create | Villager (Male) |
| 2:52 | Create | Villager (Male) |
| 2:53 | Create | Villager (Male) |
| 2:55 | Research | Loom |
| 2:56 | Create | Villager (Male) |
| 2:56 | Create | Villager (Male) |
| 3:17 | Create | Villager (Male) |
| 3:17 | Create | Villager (Male) |
| 3:39 | Create | Villager (Male) |
| 4:00 | Create | Villager (Male) |
| 4:00 | Create | Villager (Male) |
| 4:21 | Build | House |
| 4:25 | Build | House |
| 4:26 | Create | Villager (Male) |
| 4:48 | Create | Villager (Male) |
| 4:51 | Build | Mill |
| 5:36 | Build | Lumber Camp |
| 5:40 | Create | Villager (Male) |
| 5:54 | Create | Villager (Male) |
| 5:54 | Create | Villager (Male) |
| 6:30 | Create | Villager (Male) |
| 7:21 | Create | Villager (Male) |
| 8:05 | Build | House |
| 8:10 | Create | Villager (Male) |
| 8:36 | Create | Villager (Male) |
| 9:09 | Build | Palisade Wall |
| 9:39 | Build | Palisade Wall |
| 10:32 | Research | Feudal Age |
| 11:51 | Build | Lumber Camp |
| 12:17 | Create | Villager (Male) |
| 12:18 | Create | Villager (Male) |
| 12:42 | Age | Feudal Age |
| 12:54 | Create | Villager (Male) |
| 13:12 | Build | Farm |
| 13:39 | Build | Mining Camp |
| 13:45 | Create | Villager (Male) |
| 13:48 | Create | Villager (Male) |
| 14:06 | Create | Villager (Male) |
| 14:29 | Build | House |
| 14:31 | Build | House |
| 14:36 | Create | Villager (Male) |
| 15:19 | Build | House |
| 15:27 | Create | Villager (Male) |
| 15:41 | Build | Farm |
| 15:43 | Build | Farm |
| 15:47 | Build | Farm |
| 15:49 | Build | Farm |
| 15:52 | Build | Farm |
| 15:55 | Build | Farm |
| 15:57 | Build | Farm |
| 16:01 | Build | Farm |
| 16:02 | Create | Villager (Male) |
| 16:06 | Build | Farm |
| 16:33 | Research | Castle Age |
| 16:48 | Build | Farm |
| 17:27 | Build | Mining Camp |
| 17:38 | Research | Double-Bit Axe |
| 17:41 | Research | Horse Collar |
| 18:22 | Build | Lumber Camp |
| 19:13 | Age | Castle Age |
| 19:15 | Create | Villager (Male) |
| 19:15 | Create | Villager (Male) |
| 19:16 | Create | Villager (Male) |
| 19:37 | Build | Town Center |
| 19:46 | Create | Villager (Male) |
| 19:47 | Create | Villager (Male) |
| 19:56 | Build | Town Center |
| 20:18 | Build | Farm |
| 20:29 | Create | Villager (Male) |
| 20:29 | Create | Villager (Male) |
| 20:29 | Create | Villager (Male) |
| 20:30 | Create | Villager (Male) |
| 20:54 | Build | Monastery |
| 21:02 | Create | Villager (Male) |
| 21:02 | Create | Villager (Male) |
| 21:03 | Create | Villager (Male) |
| 21:24 | Build | Farm |
| 21:26 | Build | Farm |
| 21:28 | Create | Villager (Male) |
| 21:31 | Build | Farm |
| 21:34 | Create | Villager (Male) |
| 21:34 | Create | Villager (Male) |
| 21:35 | Create | Villager (Male) |
| 21:43 | Create | Villager (Male) |
| 21:44 | Create | Villager (Male) |
| 21:44 | Create | Villager (Male) |
| 21:52 | Create | Villager (Male) |
| 21:52 | Create | Villager (Male) |
| 22:05 | Research | Heavy Plow |
| 22:12 | Research | Bow Saw |
| 22:17 | Create | Monk |
| 22:42 | Create | Villager (Male) |
| 22:42 | Create | Villager (Male) |
| 22:42 | Create | Villager (Male) |
| 22:44 | Create | Villager (Male) |
| 22:59 | Build | Farm |
| 23:03 | Build | Farm |
| 23:07 | Build | Farm |
| 23:14 | Build | House |
| 23:15 | Build | House |
| 23:16 | Build | House |
| 23:17 | Build | House |
| 23:18 | Build | House |
| 23:24 | Create | Villager (Male) |
| 23:24 | Create | Villager (Male) |
| 23:48 | Create | Villager (Male) |
| 23:49 | Create | Villager (Male) |
| 23:57 | Create | Monk |
| 24:24 | Build | House |
| 24:26 | Build | House |
| 24:29 | Build | House |
| 24:34 | Create | Villager (Male) |
| 24:34 | Create | Villager (Male) |
| 24:35 | Create | Villager (Male) |
| 24:48 | Build | Town Center |
| 24:50 | Create | Villager (Male) |
| 24:50 | Create | Villager (Male) |
| 24:51 | Create | Villager (Male) |
| 24:51 | Create | Villager (Male) |
| 24:51 | Create | Villager (Male) |
| 24:56 | Create | Villager (Male) |
| 24:56 | Create | Villager (Male) |
| 25:33 | Create | Villager (Male) |
| 25:34 | Create | Villager (Male) |
| 25:34 | Create | Villager (Male) |
| 25:34 | Create | Villager (Male) |
| 25:47 | Build | Lumber Camp |
| 26:22 | Create | Villager (Male) |
| 26:22 | Create | Villager (Male) |
| 26:23 | Create | Villager (Male) |
| 26:27 | Build | Monastery |
| 26:38 | Build | Stable |
| 26:43 | Create | Villager (Male) |
| 26:43 | Create | Villager (Male) |
| 26:44 | Create | Villager (Male) |
| 26:44 | Create | Villager (Male) |
| 26:58 | Create | Villager (Male) |
| 26:58 | Create | Villager (Male) |
| 26:58 | Create | Villager (Male) |
| 26:59 | Create | Villager (Male) |
| 27:04 | Create | Villager (Male) |
Build order — Bubusauger
First 150 of 421 actions detected
| 0:02 | Create | Villager (Male) |
| 0:02 | Create | Villager (Male) |
| 0:03 | Create | Villager (Male) |
| 0:04 | Build | House |
| 0:06 | Build | House |
| 0:08 | Create | Villager (Male) |
| 1:25 | Create | Villager (Male) |
| 1:47 | Build | Lumber Camp |
| 2:04 | Create | Villager (Male) |
| 2:18 | Create | Villager (Male) |
| 2:52 | Create | Villager (Male) |
| 3:20 | Create | Villager (Male) |
| 3:29 | Build | House |
| 3:41 | Create | Villager (Male) |
| 3:42 | Create | Villager (Male) |
| 4:24 | Create | Villager (Male) |
| 4:47 | Build | House |
| 5:32 | Create | Villager (Male) |
| 5:46 | Create | Villager (Male) |
| 6:06 | Build | Mill |
| 6:20 | Create | Villager (Male) |
| 6:33 | Create | Villager (Male) |
| 6:54 | Create | Villager (Male) |
| 7:03 | Create | Villager (Male) |
| 7:17 | Create | Villager (Male) |
| 7:38 | Create | Villager (Male) |
| 7:40 | Build | Lumber Camp |
| 8:29 | Create | Villager (Male) |
| 9:03 | Create | Villager (Male) |
| 9:12 | Research | Feudal Age |
| 9:20 | Build | Mining Camp |
| 10:15 | Build | House |
| 11:17 | Build | House |
| 11:27 | Age | Feudal Age |
| 11:35 | Create | Villager (Male) |
| 11:36 | Create | Villager (Male) |
| 11:38 | Build | Blacksmith |
| 11:44 | Build | Market |
| 11:57 | Build | Palisade Wall |
| 12:00 | Build | Palisade Wall |
| 12:03 | Create | Villager (Male) |
| 12:38 | Research | Castle Age |
| 12:54 | Research | Horse Collar |
| 13:04 | Research | Loom |
| 13:50 | Research | Double-Bit Axe |
| 14:45 | Research | Wheelbarrow |
| 15:30 | Age | Castle Age |
| 15:33 | Build | Town Center |
| 15:35 | Research | Bow Saw |
| 15:44 | Build | Town Center |
| 15:57 | Build | Town Center |
| 16:01 | Create | Villager (Male) |
| 16:26 | Build | Farm |
| 16:27 | Build | Farm |
| 16:29 | Build | Farm |
| 16:35 | Build | Farm |
| 16:42 | Build | Farm |
| 16:44 | Create | Villager (Male) |
| 16:55 | Create | Villager (Male) |
| 16:55 | Create | Villager (Male) |
| 17:14 | Build | Farm |
| 17:15 | Build | Farm |
| 17:23 | Build | Farm |
| 17:25 | Build | Farm |
| 17:30 | Build | Farm |
| 17:35 | Build | Farm |
| 17:37 | Build | Farm |
| 17:39 | Create | Villager (Male) |
| 17:50 | Build | Farm |
| 17:51 | Build | Farm |
| 17:55 | Build | Farm |
| 17:57 | Build | Farm |
| 18:02 | Build | Farm |
| 18:03 | Build | Farm |
| 18:04 | Create | Villager (Male) |
| 18:12 | Build | Farm |
| 18:13 | Build | Farm |
| 18:14 | Build | Farm |
| 18:19 | Create | Villager (Male) |
| 18:23 | Build | Farm |
| 18:31 | Build | Farm |
| 18:35 | Build | Farm |
| 18:42 | Build | Farm |
| 18:44 | Create | Villager (Male) |
| 18:44 | Create | Villager (Male) |
| 18:51 | Create | Villager (Male) |
| 19:06 | Build | Farm |
| 19:06 | Create | Villager (Male) |
| 19:07 | Create | Villager (Male) |
| 19:07 | Create | Villager (Male) |
| 19:12 | Create | Villager (Male) |
| 19:12 | Create | Villager (Male) |
| 19:15 | Build | Farm |
| 19:18 | Build | Farm |
| 19:21 | Build | Farm |
| 19:23 | Build | Farm |
| 19:28 | Create | Villager (Male) |
| 19:28 | Create | Villager (Male) |
| 19:39 | Build | Farm |
| 19:40 | Create | Villager (Male) |
| 19:40 | Create | Villager (Male) |
| 19:44 | Build | Farm |
| 19:45 | Create | Villager (Male) |
| 19:46 | Create | Villager (Male) |
| 19:49 | Build | Farm |
| 19:51 | Build | Farm |
| 19:52 | Create | Villager (Male) |
| 20:04 | Build | Farm |
| 20:05 | Create | Villager (Male) |
| 20:06 | Create | Villager (Male) |
| 20:06 | Create | Villager (Male) |
| 20:19 | Create | Villager (Male) |
| 20:19 | Create | Villager (Male) |
| 20:25 | Build | Farm |
| 20:31 | Create | Villager (Male) |
| 20:31 | Create | Villager (Male) |
| 20:31 | Create | Villager (Male) |
| 20:34 | Build | House |
| 20:42 | Build | Farm |
| 20:53 | Research | Hand Cart |
| 20:58 | Build | Farm |
| 21:00 | Build | Farm |
| 21:01 | Create | Villager (Male) |
| 21:01 | Create | Villager (Male) |
| 21:09 | Research | Gold Mining |
| 21:18 | Build | House |
| 21:21 | Create | Villager (Male) |
| 21:21 | Create | Villager (Male) |
| 21:26 | Build | House |
| 21:27 | Build | House |
| 21:28 | Build | House |
| 21:40 | Build | Farm |
| 21:41 | Build | Farm |
| 21:43 | Create | Villager (Male) |
| 21:44 | Create | Villager (Male) |
| 21:48 | Create | Villager (Male) |
| 21:49 | Create | Villager (Male) |
| 21:49 | Create | Villager (Male) |
| 21:55 | Create | Villager (Male) |
| 21:55 | Create | Villager (Male) |
| 22:11 | Research | Heavy Plow |
| 22:13 | Research | Stone Mining |
| 22:13 | Research | Stone Mining |
| 22:17 | Build | Farm |
| 22:24 | Create | Villager (Male) |
| 22:24 | Create | Villager (Male) |
| 22:42 | Create | Villager (Male) |
| 22:42 | Create | Villager (Male) |
| 22:42 | Create | Villager (Male) |
| 22:46 | Create | Villager (Male) |
Build order — TorukMakto
First 150 of 628 actions detected
| 0:03 | Build | House |
| 0:04 | Build | House |
| 0:05 | Create | Villager (Male) ×4 |
| 0:05 | Create | Villager (Male) ×4 |
| 1:31 | Create | Villager (Male) |
| 1:32 | Create | Villager (Male) |
| 2:16 | Create | Villager (Male) |
| 2:16 | Create | Villager (Male) |
| 2:16 | Create | Villager (Male) |
| 2:51 | Create | Villager (Male) |
| 2:51 | Create | Villager (Male) |
| 2:51 | Create | Villager (Male) |
| 3:41 | Create | Villager (Male) |
| 3:42 | Create | Villager (Male) |
| 3:47 | Build | Lumber Camp |
| 4:07 | Research | Loom |
| 4:07 | Create | Villager (Male) |
| 4:08 | Create | Villager (Male) |
| 4:08 | Create | Villager (Male) |
| 4:28 | Build | House |
| 5:53 | Create | Villager (Male) |
| 5:53 | Create | Villager (Male) |
| 6:36 | Build | Mill |
| 6:42 | Create | Villager (Male) |
| 6:49 | Build | House |
| 6:58 | Create | Villager (Male) |
| 7:35 | Create | Villager (Male) |
| 7:38 | Create | Villager (Male) |
| 8:28 | Research | Feudal Age |
| 9:59 | Build | Mining Camp |
| 10:09 | Create | Villager (Male) |
| 10:10 | Create | Villager (Male) |
| 10:38 | Age | Feudal Age |
| 10:42 | Create | Villager (Male) |
| 11:22 | Build | House |
| 11:24 | Build | House |
| 11:55 | Build | Farm |
| 11:56 | Build | Farm |
| 11:58 | Build | Farm |
| 12:00 | Build | Farm |
| 12:00 | Create | Villager (Male) |
| 12:01 | Create | Villager (Male) |
| 12:01 | Create | Villager (Male) |
| 12:01 | Create | Villager (Male) |
| 12:58 | Build | Barracks |
| 13:22 | Build | Lumber Camp |
| 13:27 | Build | Farm |
| 13:31 | Build | Farm |
| 13:35 | Create | Villager (Male) |
| 13:44 | Build | Farm |
| 13:50 | Create | Villager (Male) |
| 14:22 | Build | Farm |
| 14:49 | Build | Market |
| 14:50 | Create | Villager (Male) |
| 14:57 | Build | Blacksmith |
| 15:02 | Research | Double-Bit Axe |
| 15:14 | Create | Villager (Male) |
| 15:15 | Create | Villager (Male) |
| 15:20 | Build | Farm |
| 15:23 | Build | Farm |
| 15:34 | Build | House |
| 15:51 | Research | Castle Age |
| 16:44 | Research | Wheelbarrow |
| 17:34 | Research | Horse Collar |
| 17:38 | Research | Stone Mining |
| 17:41 | Research | Gold Mining |
| 18:31 | Age | Castle Age |
| 18:34 | Build | Town Center |
| 18:39 | Build | Town Center |
| 18:51 | Research | Heavy Plow |
| 18:53 | Research | Bow Saw |
| 19:25 | Create | Villager (Male) |
| 19:26 | Create | Villager (Male) |
| 19:26 | Create | Villager (Male) |
| 19:55 | Create | Villager (Male) |
| 19:57 | Create | Villager (Male) |
| 19:58 | Create | Villager (Male) |
| 20:09 | Create | Villager (Male) |
| 20:10 | Create | Villager (Male) |
| 20:10 | Create | Villager (Male) |
| 20:10 | Create | Villager (Male) |
| 20:10 | Create | Villager (Male) |
| 20:14 | Build | Farm |
| 20:17 | Build | Farm |
| 20:24 | Build | Farm |
| 20:29 | Create | Villager (Male) |
| 20:39 | Build | Farm |
| 20:43 | Build | Farm |
| 20:47 | Build | Farm |
| 20:50 | Create | Villager (Male) |
| 20:50 | Create | Villager (Male) |
| 20:51 | Create | Villager (Male) |
| 20:51 | Create | Villager (Male) |
| 20:58 | Build | Farm |
| 21:01 | Build | Farm |
| 21:09 | Build | Farm |
| 21:11 | Create | Villager (Male) |
| 21:12 | Create | Villager (Male) |
| 21:12 | Create | Villager (Male) |
| 21:21 | Create | Villager (Male) |
| 21:21 | Create | Villager (Male) |
| 21:21 | Create | Villager (Male) |
| 21:22 | Create | Villager (Male) |
| 21:38 | Create | Villager (Male) |
| 21:38 | Create | Villager (Male) |
| 21:38 | Create | Villager (Male) |
| 21:38 | Create | Villager (Male) |
| 21:48 | Build | Siege Workshop |
| 21:53 | Create | Villager (Male) |
| 21:53 | Create | Villager (Male) |
| 21:54 | Create | Villager (Male) |
| 21:54 | Create | Villager (Male) |
| 22:08 | Build | Farm |
| 22:11 | Build | Farm |
| 22:14 | Build | Farm |
| 22:17 | Build | Farm |
| 22:22 | Create | Villager (Male) |
| 22:22 | Create | Villager (Male) |
| 22:22 | Create | Villager (Male) |
| 22:22 | Create | Villager (Male) |
| 22:23 | Create | Villager (Male) |
| 22:23 | Create | Villager (Male) |
| 22:27 | Build | House |
| 22:32 | Build | House |
| 22:34 | Build | House |
| 22:34 | Build | House |
| 22:36 | Build | House |
| 22:44 | Create | Villager (Male) |
| 22:44 | Create | Villager (Male) |
| 22:44 | Create | Villager (Male) |
| 22:48 | Build | Farm |
| 23:07 | Create | Mangonel |
| 23:34 | Build | Town Center |
| 23:39 | Create | Villager (Male) |
| 23:39 | Create | Villager (Male) |
| 23:39 | Create | Villager (Male) |
| 23:39 | Create | Villager (Male) |
| 23:39 | Create | Villager (Male) |
| 23:40 | Create | Villager (Male) |
| 23:40 | Create | Villager (Male) |
| 23:40 | Create | Villager (Male) |
| 23:40 | Create | Villager (Male) |
| 23:44 | Research | Scale Mail Armor |
| 23:54 | Create | Mangonel |
| 24:05 | Research | Forging |
| 24:31 | Build | Town Center |
| 24:38 | Create | Villager (Male) |
| 24:38 | Create | Villager (Male) |
| 24:38 | Create | Villager (Male) |
| 24:39 | Create | Villager (Male) |
Build order — kova32ajsk
First 150 of 637 actions detected
| 0:01 | Create | Villager (Male) |
| 0:01 | Create | Villager (Male) |
| 0:02 | Create | Villager (Male) |
| 0:02 | Create | Villager (Male) |
| 0:04 | Build | House |
| 0:05 | Build | House |
| 0:37 | Build | House |
| 0:37 | Build | House |
| 1:34 | Create | Villager (Male) |
| 2:14 | Create | Villager (Male) |
| 2:14 | Create | Villager (Male) |
| 2:49 | Build | Mill |
| 2:55 | Create | Villager (Male) |
| 2:56 | Create | Villager (Male) |
| 2:57 | Create | Villager (Male) |
| 3:22 | Create | Villager (Male) |
| 3:37 | Create | Villager (Male) |
| 4:29 | Create | Villager (Male) |
| 4:30 | Create | Villager (Male) |
| 4:34 | Create | Villager (Male) |
| 4:34 | Create | Villager (Male) |
| 6:01 | Build | Lumber Camp |
| 7:40 | Create | Villager (Male) |
| 7:40 | Create | Villager (Male) |
| 9:28 | Create | Villager (Male) |
| 9:32 | Research | Feudal Age |
| 10:32 | Build | Mining Camp |
| 12:03 | Age | Feudal Age |
| 12:04 | Research | Wheelbarrow |
| 12:57 | Build | Market |
| 13:01 | Build | Blacksmith |
| 14:38 | Build | Farm |
| 14:40 | Build | Farm |
| 14:41 | Build | Farm |
| 14:42 | Build | Farm |
| 14:43 | Build | Farm |
| 14:45 | Build | Farm |
| 14:47 | Build | Farm |
| 14:49 | Build | Farm |
| 14:53 | Build | Farm |
| 14:55 | Build | Farm |
| 15:03 | Build | Mining Camp |
| 15:12 | Research | Castle Age |
| 15:53 | Research | Stone Mining |
| 16:18 | Create | Trade Cart |
| 16:18 | Create | Trade Cart |
| 16:30 | Research | Double-Bit Axe |
| 17:46 | Create | Trade Cart |
| 17:52 | Age | Castle Age |
| 18:06 | Build | Town Center |
| 18:11 | Create | Villager (Male) |
| 18:11 | Create | Villager (Male) |
| 18:14 | Create | Villager (Male) |
| 18:39 | Build | House |
| 18:40 | Build | House |
| 18:41 | Build | House |
| 18:45 | Build | House |
| 18:45 | Build | House |
| 19:04 | Research | Bow Saw |
| 19:12 | Create | Villager (Male) |
| 19:48 | Create | Villager (Male) |
| 20:16 | Create | Villager (Male) |
| 20:20 | Create | Villager (Male) |
| 20:21 | Create | Villager (Male) |
| 20:46 | Create | Villager (Male) |
| 20:57 | Build | Farm |
| 20:58 | Build | Farm |
| 20:59 | Build | Farm |
| 21:01 | Build | Farm |
| 21:02 | Build | Farm |
| 21:06 | Research | Horse Collar |
| 21:27 | Create | Trade Cart |
| 21:34 | Create | Villager (Male) |
| 21:37 | Create | Villager (Male) |
| 22:10 | Build | Castle |
| 22:18 | Build | Stone Wall |
| 22:29 | Create | Villager (Male) |
| 22:30 | Create | Villager (Male) |
| 22:31 | Create | Villager (Male) |
| 22:51 | Build | Mill |
| 22:55 | Build | Farm |
| 22:57 | Build | Farm |
| 22:58 | Build | Farm |
| 23:22 | Create | Villager (Male) |
| 23:23 | Create | Villager (Male) |
| 23:42 | Build | Gate |
| 24:29 | Build | University |
| 24:35 | Research | Caravan |
| 24:36 | Create | Trade Cart |
| 24:36 | Create | Trade Cart |
| 24:37 | Create | Trade Cart |
| 24:51 | Research | Hand Cart |
| 24:53 | Create | Villager (Male) |
| 24:54 | Create | Villager (Male) |
| 24:58 | Create | Villager (Male) |
| 25:03 | Create | Villager (Male) |
| 25:10 | Create | Trade Cart |
| 25:28 | Create | Villager (Male) |
| 25:28 | Create | Villager (Male) |
| 25:43 | Build | Mining Camp |
| 26:05 | Build | Mining Camp |
| 26:18 | Build | Farm |
| 26:20 | Build | Farm |
| 26:21 | Build | Farm |
| 26:26 | Build | Farm |
| 26:42 | Create | Villager (Male) |
| 26:42 | Create | Villager (Male) |
| 26:42 | Create | Villager (Male) |
| 26:43 | Create | Villager (Male) |
| 27:12 | Create | Villager (Male) |
| 27:12 | Create | Villager (Male) |
| 27:12 | Create | Villager (Male) |
| 27:21 | Build | Farm |
| 27:24 | Build | Farm |
| 27:26 | Build | Farm |
| 27:28 | Build | Farm |
| 27:36 | Create | Villager (Male) |
| 27:40 | Build | Farm |
| 27:41 | Build | Farm |
| 27:44 | Build | Farm |
| 27:52 | Build | Farm |
| 27:54 | Build | Farm |
| 28:37 | Build | Castle |
| 28:57 | Create | Villager (Male) |
| 28:57 | Create | Villager (Male) |
| 28:58 | Create | Villager (Male) |
| 28:59 | Create | Villager (Male) |
| 29:01 | Create | Villager (Male) |
| 29:01 | Create | Villager (Male) |
| 29:02 | Create | Villager (Male) |
| 29:11 | Build | Lumber Camp |
| 29:17 | Create | Trade Cart |
| 29:17 | Create | Trade Cart |
| 29:19 | Create | Trade Cart |
| 29:20 | Create | Trade Cart |
| 30:39 | Research | Imperial Age |
| 31:14 | Research | Ballistics |
| 31:22 | Research | Fletching |
| 31:22 | Research | Padded Archer Armor |
| 31:24 | Research | Scale Mail Armor |
| 31:33 | Create | Villager (Male) |
| 31:33 | Create | Villager (Male) |
| 31:33 | Create | Villager (Male) |
| 31:34 | Create | Villager (Male) |
| 31:34 | Create | Villager (Male) |
| 31:34 | Create | Villager (Male) |
| 31:52 | Research | Heavy Plow |
| 32:04 | Research | Gold Mining |
| 32:21 | Create | Trade Cart |
| 32:21 | Create | Trade Cart |
Build order — CamoTheWolf
First 150 of 445 actions detected
| 0:01 | Create | Villager (Male) |
| 0:02 | Create | Villager (Male) |
| 0:02 | Create | Villager (Male) |
| 0:02 | Create | Villager (Male) |
| 0:02 | Create | Villager (Male) |
| 0:04 | Build | House |
| 0:04 | Build | House |
| 0:59 | Build | House |
| 1:00 | Build | House |
| 1:44 | Create | Villager (Male) |
| 2:24 | Create | Villager (Male) |
| 2:30 | Create | Villager (Male) |
| 3:06 | Create | Villager (Male) |
| 3:26 | Create | Villager (Male) |
| 3:31 | Create | Villager (Male) |
| 3:53 | Create | Villager (Male) |
| 4:38 | Build | Lumber Camp |
| 4:51 | Create | Villager (Male) |
| 4:52 | Create | Villager (Male) |
| 5:01 | Build | Mill |
| 5:10 | Create | Villager (Male) |
| 5:58 | Create | Villager (Male) |
| 5:58 | Create | Villager (Male) |
| 5:59 | Create | Villager (Male) |
| 8:28 | Research | Feudal Age |
| 8:37 | Build | Mill |
| 9:00 | Research | Loom |
| 9:07 | Build | Mining Camp |
| 10:07 | Create | Villager (Male) |
| 10:07 | Create | Villager (Male) |
| 10:38 | Age | Feudal Age |
| 10:38 | Build | Barracks |
| 11:15 | Build | Farm |
| 11:18 | Build | Farm |
| 11:20 | Build | Farm |
| 11:21 | Build | Farm |
| 11:23 | Build | Farm |
| 11:28 | Create | Villager (Male) |
| 11:28 | Create | Villager (Male) |
| 11:29 | Create | Villager (Male) |
| 11:29 | Create | Villager (Male) |
| 11:29 | Create | Villager (Male) |
| 11:50 | Research | Wheelbarrow |
| 12:23 | Build | Farm |
| 12:52 | Create | Villager (Male) |
| 12:52 | Create | Villager (Male) |
| 12:52 | Create | Villager (Male) |
| 13:11 | Build | Farm |
| 13:47 | Build | Farm |
| 13:52 | Build | Farm |
| 14:59 | Build | Blacksmith |
| 15:50 | Build | House |
| 15:50 | Build | House |
| 15:51 | Build | House |
| 15:58 | Build | Market |
| 16:09 | Build | Farm |
| 16:32 | Create | Villager (Male) |
| 16:34 | Create | Villager (Male) |
| 17:10 | Create | Villager (Male) |
| 17:10 | Create | Villager (Male) |
| 17:26 | Build | Farm |
| 17:44 | Research | Castle Age |
| 20:18 | Create | Villager (Male) |
| 20:19 | Create | Villager (Male) |
| 20:27 | Age | Castle Age |
| 20:29 | Build | Town Center |
| 20:56 | Build | Town Center |
| 21:02 | Create | Villager (Male) |
| 21:02 | Create | Villager (Male) |
| 21:03 | Create | Villager (Male) |
| 21:19 | Create | Militia ×5 |
| 21:22 | Research | Man-at-Arms (upgrade) |
| 21:25 | Create | Militia ×5 |
| 21:25 | Create | Militia ×5 |
| 21:40 | Research | Horse Collar |
| 21:44 | Research | Double-Bit Axe |
| 21:47 | Create | Villager (Male) ×5 |
| 21:54 | Build | Farm |
| 22:16 | Build | Farm |
| 22:33 | Create | Villager (Male) |
| 22:33 | Create | Villager (Male) |
| 22:33 | Create | Villager (Male) |
| 22:33 | Create | Villager (Male) |
| 22:34 | Create | Villager (Male) |
| 22:34 | Create | Villager (Male) |
| 22:34 | Create | Villager (Male) |
| 22:34 | Create | Villager (Male) |
| 22:34 | Create | Villager (Male) |
| 22:35 | Create | Villager (Male) |
| 22:35 | Create | Villager (Male) |
| 22:35 | Create | Villager (Male) |
| 22:35 | Create | Villager (Male) |
| 22:36 | Create | Villager (Male) |
| 23:01 | Build | Farm |
| 23:04 | Build | Farm |
| 23:23 | Create | Villager (Male) ×3 |
| 23:26 | Build | Farm |
| 23:32 | Build | Farm |
| 23:52 | Build | Farm |
| 23:57 | Build | Farm |
| 24:05 | Research | Hand Cart |
| 24:17 | Build | Farm |
| 24:24 | Build | Mining Camp |
| 24:27 | Research | Caravan |
| 24:42 | Build | Farm |
| 24:49 | Create | Villager (Male) ×5 |
| 24:49 | Create | Villager (Male) |
| 24:54 | Build | House |
| 24:55 | Build | House |
| 24:59 | Build | House |
| 25:00 | Build | House |
| 25:03 | Build | House |
| 25:08 | Build | Farm |
| 25:16 | Research | Town Watch |
| 25:16 | Create | Villager (Male) ×2 |
| 25:33 | Build | Farm |
| 25:39 | Research | Heavy Plow |
| 25:59 | Create | Villager (Male) ×5 |
| 26:16 | Build | Farm |
| 26:23 | Create | Villager (Male) |
| 26:25 | Build | Farm |
| 26:38 | Create | Villager (Male) ×5 |
| 26:38 | Create | Villager (Male) |
| 26:39 | Create | Villager (Male) |
| 26:49 | Build | Farm |
| 26:54 | Build | Farm |
| 27:05 | Build | Farm |
| 27:10 | Build | Farm |
| 27:15 | Build | Farm |
| 27:39 | Build | Siege Workshop |
| 27:45 | Build | University |
| 27:49 | Build | Farm |
| 28:02 | Build | Farm |
| 28:04 | Build | Farm |
| 28:16 | Create | Villager (Male) |
| 28:16 | Create | Villager (Male) |
| 28:26 | Research | Bow Saw |
| 28:46 | Build | Farm |
| 28:57 | Build | Farm |
| 29:39 | Research | Imperial Age |
| 29:46 | Build | House |
| 29:46 | Build | House |
| 29:48 | Build | House |
| 29:50 | Build | House |
| 29:53 | Build | House |
| 29:58 | Create | Villager (Male) |
| 29:59 | Create | Villager (Male) |
| 29:59 | Create | Villager (Male) |
| 29:59 | Create | Villager (Male) |
| 29:59 | Create | Villager (Male) |
Build order — DeathKnight
First 150 of 575 actions detected
| 0:03 | Build | House |
| 0:05 | Build | House |
| 0:06 | Create | Villager (Male) |
| 0:06 | Create | Villager (Male) |
| 0:06 | Create | Villager (Male) |
| 0:07 | Create | Villager (Male) |
| 1:45 | Create | Villager (Male) |
| 1:46 | Create | Villager (Male) |
| 2:30 | Create | Villager (Male) |
| 2:30 | Create | Villager (Male) |
| 2:30 | Create | Villager (Male) |
| 2:53 | Research | Loom |
| 2:53 | Create | Villager (Male) ×2 |
| 2:54 | Create | Villager (Male) ×2 |
| 3:04 | Build | Lumber Camp |
| 3:48 | Create | Villager (Male) |
| 3:48 | Create | Villager (Male) |
| 3:48 | Create | Villager (Male) |
| 3:48 | Create | Villager (Male) |
| 4:41 | Create | Villager (Male) |
| 4:41 | Create | Villager (Male) |
| 4:42 | Create | Villager (Male) |
| 5:16 | Create | Villager (Male) |
| 5:17 | Create | Villager (Male) |
| 5:17 | Create | Villager (Male) |
| 5:18 | Create | Villager (Male) |
| 5:28 | Build | House |
| 5:30 | Build | House |
| 6:34 | Create | Villager (Male) |
| 6:35 | Create | Villager (Male) |
| 7:44 | Create | Villager (Male) |
| 7:44 | Create | Villager (Male) |
| 7:44 | Create | Villager (Male) |
| 8:05 | Create | Villager (Male) |
| 8:05 | Create | Villager (Male) |
| 8:17 | Create | Villager (Male) |
| 8:18 | Create | Villager (Male) |
| 8:18 | Create | Villager (Male) |
| 8:55 | Build | Palisade Wall |
| 10:23 | Build | Mining Camp |
| 10:28 | Create | Villager (Male) |
| 10:31 | Build | House |
| 10:32 | Build | House |
| 10:41 | Build | Mill |
| 11:32 | Build | House |
| 11:33 | Build | House |
| 11:34 | Build | House |
| 11:36 | Build | House |
| 11:41 | Research | Feudal Age |
| 11:44 | Create | Villager (Male) ×5 |
| 12:24 | Create | Villager (Male) |
| 12:24 | Create | Villager (Male) |
| 14:03 | Age | Feudal Age |
| 14:15 | Create | Villager (Male) |
| 14:37 | Create | Villager (Male) |
| 14:37 | Create | Villager (Male) |
| 14:44 | Build | Market |
| 14:49 | Build | Blacksmith |
| 14:55 | Build | Farm |
| 14:57 | Build | Farm |
| 15:00 | Build | Farm |
| 15:05 | Build | Farm |
| 15:07 | Build | Farm |
| 15:09 | Build | Farm |
| 15:14 | Build | Farm |
| 15:14 | Build | Farm |
| 15:16 | Build | Farm |
| 15:17 | Build | Farm |
| 15:17 | Build | Farm |
| 15:17 | Build | Farm |
| 15:20 | Build | Farm |
| 15:29 | Build | Farm |
| 15:48 | Build | Stone Wall |
| 15:59 | Build | Stone Wall |
| 16:14 | Create | Villager (Male) |
| 16:15 | Create | Villager (Male) |
| 16:26 | Build | Mining Camp |
| 17:39 | Build | Stone Wall |
| 17:47 | Research | Castle Age |
| 17:49 | Build | Farm |
| 17:50 | Build | Farm |
| 17:50 | Build | Farm |
| 17:50 | Build | Farm |
| 17:50 | Build | Farm |
| 17:51 | Build | Farm |
| 17:52 | Build | Farm |
| 17:53 | Build | Farm |
| 18:09 | Research | Stone Mining |
| 18:18 | Create | Villager (Male) |
| 18:18 | Create | Villager (Male) |
| 18:18 | Create | Villager (Male) |
| 18:54 | Build | Barracks |
| 19:19 | Build | Stone Wall |
| 19:56 | Research | Horse Collar |
| 20:53 | Age | Castle Age |
| 20:58 | Build | Town Center |
| 21:28 | Build | Town Center |
| 21:36 | Create | Villager (Male) ×5 |
| 21:37 | Create | Villager (Male) ×5 |
| 21:53 | Build | Lumber Camp |
| 22:01 | Research | Double-Bit Axe |
| 22:01 | Research | Double-Bit Axe |
| 22:23 | Create | Villager (Male) ×4 |
| 22:38 | Build | Lumber Camp |
| 22:43 | Create | Villager (Male) ×5 |
| 22:43 | Create | Villager (Male) ×5 |
| 22:43 | Create | Villager (Male) ×2 |
| 23:01 | Build | Monastery |
| 23:07 | Create | Villager (Male) |
| 23:07 | Create | Villager (Male) |
| 23:25 | Build | University |
| 23:45 | Create | Monk |
| 23:46 | Create | Monk |
| 23:56 | Create | Villager (Male) ×4 |
| 23:56 | Create | Villager (Male) ×4 |
| 24:23 | Build | Siege Workshop |
| 24:32 | Create | Villager (Male) ×2 |
| 24:32 | Create | Villager (Male) ×2 |
| 24:33 | Create | Villager (Male) ×2 |
| 24:42 | Build | Farm |
| 24:43 | Build | Farm |
| 24:44 | Build | Farm |
| 25:32 | Research | Fortified Wall (upgrade) |
| 25:34 | Build | Farm |
| 25:49 | Build | Farm |
| 25:50 | Build | Farm |
| 25:52 | Build | Farm |
| 25:54 | Build | Farm |
| 25:55 | Build | Farm |
| 25:57 | Build | Farm |
| 25:58 | Build | Farm |
| 26:01 | Build | Farm |
| 26:05 | Build | Farm |
| 26:08 | Build | Farm |
| 26:11 | Build | Farm |
| 26:15 | Create | Villager (Male) ×3 |
| 26:15 | Create | Villager (Male) ×3 |
| 26:15 | Create | Villager (Male) ×3 |
| 26:30 | Build | Stone Wall |
| 26:38 | Create | Villager (Male) ×3 |
| 26:38 | Create | Villager (Male) ×3 |
| 26:38 | Create | Villager (Male) ×3 |
| 26:42 | Build | Farm |
| 26:46 | Build | House |
| 26:48 | Build | House |
| 26:49 | Build | House |
| 26:49 | Build | House |
| 26:49 | Build | House |
| 26:50 | Build | House |
| 26:51 | Build | House |
Match timeline
| 8:55 | DeathKnight · wall_segment Palisade Wall x29 |
| 9:09 | DeathNote · wall_segment Palisade Wall x4 |
| 9:39 | DeathNote · wall_segment Palisade Wall x19 |
| 10:38 | TorukMakto · age_up feudal |
| 10:38 | CamoTheWolf · age_up feudal |
| 10:38 | CamoTheWolf · first_building Barracks |
| 11:27 | Bubusauger · age_up feudal |
| 11:57 | Bubusauger · wall_segment Palisade Wall x1 |
| 12:00 | Bubusauger · wall_segment Palisade Wall x1 |
| 12:03 | kova32ajsk · age_up feudal |
| 12:42 | DeathNote · age_up feudal |
| 12:58 | TorukMakto · first_building Barracks |
| 14:03 | DeathKnight · age_up feudal |
| 15:30 | Bubusauger · age_up castle |
| 15:48 | DeathKnight · wall_segment Stone Wall x34 |
| 15:51 | Bubusauger · first_market_buy 100 stone |
| 15:59 | DeathKnight · wall_segment Stone Wall x27 |
| 17:39 | DeathKnight · wall_segment Stone Wall x5 |
| 17:52 | kova32ajsk · age_up castle |
| 18:31 | TorukMakto · age_up castle |
| 18:54 | DeathKnight · first_building Barracks |
| 19:13 | DeathNote · age_up castle |
| 19:19 | DeathKnight · wall_segment Stone Wall x1 |
| 20:27 | CamoTheWolf · age_up castle |
| 20:53 | DeathKnight · age_up castle |
| 20:54 | DeathNote · first_building Monastery |
| 21:48 | TorukMakto · first_building Siege Workshop |
| 22:10 | kova32ajsk · first_building Castle |
| 22:18 | kova32ajsk · wall_segment Stone Wall x19 |
| 23:01 | DeathKnight · first_building Monastery |
| 23:40 | Bubusauger · first_building Barracks |
| 24:23 | DeathKnight · first_building Siege Workshop |
| 25:40 | Bubusauger · first_market_sell 100 food |
| 25:48 | Bubusauger · first_building Monastery |
| 26:01 | kova32ajsk · first_market_buy 100 wood |
| 26:08 | Bubusauger · first_building Archery Range |
| 26:15 | kova32ajsk · first_market_sell 100 food |
| 26:19 | Bubusauger · first_building Siege Workshop |
| 26:30 | DeathKnight · wall_segment Stone Wall x1 |
| 26:38 | DeathNote · first_building Stable |
| 27:39 | CamoTheWolf · first_building Siege Workshop |
| 28:04 | Bubusauger · first_building Castle |
| 29:20 | Bubusauger · age_up imperial |
| 31:27 | TorukMakto · first_building Castle |
| 31:41 | TorukMakto · first_building Monastery |
| 32:13 | CamoTheWolf · first_building Castle |
| 32:43 | CamoTheWolf · first_building Stable |
| 32:49 | CamoTheWolf · age_up imperial |
| 33:47 | DeathKnight · wall_segment Stone Wall x1 |
| 33:49 | kova32ajsk · age_up imperial |
| 33:53 | DeathNote · age_up imperial |
| 35:17 | DeathKnight · first_building Castle |
| 35:35 | TorukMakto · first_building Stable |
| 35:40 | DeathKnight · wall_segment Stone Wall x29 |
| 35:44 | TorukMakto · age_up imperial |
| 35:49 | DeathNote · first_building Castle |
| 37:04 | DeathKnight · age_up imperial |
| 37:35 | DeathNote · tribute_sent a jugador 1 |
| 37:35 | DeathNote · tribute_sent a jugador 2 |
| 37:35 | DeathNote · tribute_sent a jugador 3 |
| 37:35 | DeathNote · tribute_sent a jugador 5 |
| 37:35 | DeathNote · tribute_sent a jugador 6 |
| 37:36 | TorukMakto · tribute_sent a jugador 1 |
| 37:36 | TorukMakto · tribute_sent a jugador 3 |
| 37:36 | TorukMakto · tribute_sent a jugador 4 |
| 37:36 | TorukMakto · tribute_sent a jugador 5 |
| 37:36 | TorukMakto · tribute_sent a jugador 6 |
| 38:56 | DeathKnight · tribute_sent a jugador 1 |
| 38:56 | DeathKnight · tribute_sent a jugador 2 |
| 38:56 | DeathKnight · tribute_sent a jugador 3 |
| 38:56 | DeathKnight · tribute_sent a jugador 4 |
| 38:56 | DeathKnight · tribute_sent a jugador 5 |
| 39:00 | TorukMakto · tribute_sent a jugador 1 |
| 39:00 | TorukMakto · tribute_sent a jugador 3 |
| 39:00 | TorukMakto · tribute_sent a jugador 4 |
| 39:00 | TorukMakto · tribute_sent a jugador 5 |
| 39:00 | TorukMakto · tribute_sent a jugador 6 |
| 39:41 | CamoTheWolf · first_market_sell 100 wood |
| 40:59 | DeathKnight · first_building Stable |
| 44:24 | DeathNote · first_market_sell 500 wood |
| 44:25 | DeathNote · first_market_buy 500 food |
| 45:04 | DeathKnight · tribute_sent a jugador 1 |
| 45:04 | DeathKnight · tribute_sent a jugador 2 |
| 45:04 | DeathKnight · tribute_sent a jugador 3 |
| 45:04 | DeathKnight · tribute_sent a jugador 4 |
| 45:04 | DeathKnight · tribute_sent a jugador 5 |
| 45:24 | TorukMakto · tribute_sent a jugador 1 |
| 45:24 | TorukMakto · tribute_sent a jugador 3 |
| 45:24 | TorukMakto · tribute_sent a jugador 4 |
| 45:24 | TorukMakto · tribute_sent a jugador 5 |
| 45:24 | TorukMakto · tribute_sent a jugador 6 |
| 45:28 | DeathKnight · first_building Archery Range |
| 46:02 | DeathKnight · tribute_sent a jugador 1 |
| 46:02 | DeathKnight · tribute_sent a jugador 2 |
| 46:02 | DeathKnight · tribute_sent a jugador 3 |
| 46:02 | DeathKnight · tribute_sent a jugador 4 |
| 46:02 | DeathKnight · tribute_sent a jugador 5 |
| 47:57 | DeathNote · tribute_sent a jugador 1 |
| 47:57 | DeathNote · tribute_sent a jugador 2 |
| 47:57 | DeathNote · tribute_sent a jugador 3 |
| 47:57 | DeathNote · tribute_sent a jugador 5 |
| 47:57 | DeathNote · tribute_sent a jugador 6 |
| 49:15 | TorukMakto · tribute_sent a jugador 1 |
| 49:15 | TorukMakto · tribute_sent a jugador 3 |
| 49:15 | TorukMakto · tribute_sent a jugador 4 |
| 49:15 | TorukMakto · tribute_sent a jugador 5 |
| 49:15 | TorukMakto · tribute_sent a jugador 6 |
| 49:18 | DeathKnight · tribute_sent a jugador 1 |
| 49:18 | DeathKnight · tribute_sent a jugador 2 |
| 49:18 | DeathKnight · tribute_sent a jugador 3 |
| 49:18 | DeathKnight · tribute_sent a jugador 4 |
| 49:18 | DeathKnight · tribute_sent a jugador 5 |
| 50:32 | DeathNote · first_building Archery Range |
| 51:30 | TorukMakto · first_market_sell 100 wood |
| 54:10 | kova32ajsk · first_building Barracks |
| 57:30 | kova32ajsk · first_building Archery Range |
| 60:13 | Bubusauger · resign |
| 62:30 | DeathKnight · tribute_sent a jugador 1 |
| 62:30 | DeathKnight · tribute_sent a jugador 2 |
| 62:30 | DeathKnight · tribute_sent a jugador 3 |
| 62:30 | DeathKnight · tribute_sent a jugador 4 |
| 62:30 | DeathKnight · tribute_sent a jugador 5 |
[ AI ANALYSIS · 1 CREDIT ]
What really happened in this match?
Wolo.gg analyzes every decision: build order, eco, micro, common mistakes by bracket. Personalized analysis on WhatsApp or Discord in 30 seconds.
Civ guide
Khmer
Map guide
Amazon Tunnel
Perfil
Jugador #6374547